 Dungeon Crawl Stone Soup version 0.28-a0-1493-g08698888e4 (webtiles) character file.

Game seed: 10878494200963895943

9864 siradein the Thaumaturge (level 11, -3/73 HPs)
             Began as a Djinni Fire Elementalist on Jan 13, 2022.
             Was a Believer of Hepliaklqana.
             Killed by an exploding fulminant prism (15 damage)
             ... on level 10 of the Dungeon.
             The game lasted 00:52:22 (13988 turns).

siradein the Thaumaturge (DjFE)                    Turns: 13988, Time: 00:52:23

Health: -3/73      AC:  8    Str:  7    XL:     11   Next: 82%
Gold:   398        EV: 15    Int: 21    God:    Hepliaklqana [**....] SH:  0 Dex: 14

rFire   + + .      SeeInvis .   o - staff of earth
rCold   x . .      Faith    .   n - orb {mayhem}
rNeg    . . .      Spirit   .   k - +3 troll leather armour
rPois   ∞          Reflect  .   w - +1 hat
rElec   .          Harm     .   (no cloak)
rCorr   .          Rampage  .   (no gloves)
Will    +....                   (boots unavailable)
Stlth   ++........              (no amulet)
HPRegen 1.02/turn               (no ring)
MPRegen 0.00/turn               (no ring)

@: flying, very slightly contaminated
A: reduced essence, sickness immunity, fire resistance 2, cold vulnerability 1,
float, innate caster, hp casting, extra vitality 1
a: Renounce Religion, Recall Ancestor, Ancestor Identity


You were on level 10 of the Dungeon.
You worshipped Hepliaklqana.
Hepliaklqana was pleased with you.
You visited 2 branches of the dungeon, and saw 11 of its levels.
You also visited: Sewer.

You collected 590 gold pieces.
You spent 192 gold pieces at shops.

Inventory:

Missiles
 y - a throwing net
Armour
 k - a +3 troll leather armour (worn)
 n - an orb of mayhem (worn)
 w - a +1 hat (worn)
Magical Staves
 o - a staff of earth (weapon)
Wands
 a - a wand of polymorph (8)
 l - a wand of iceblast (3)
Scrolls
 c - a scroll of magic mapping
 d - 5 scrolls of teleportation
 f - 3 scrolls of fog
 g - a scroll of silence
 i - 2 scrolls of holy word
 m - a scroll of enchant weapon
 r - a scroll of fear
 u - a scroll of immolation
 v - a scroll of summoning
Potions
 b - 2 potions of ambrosia
 e - 3 potions of might
 h - 4 potions of heal wounds
 j - 4 potions of brilliance
 p - a potion of curing
 q - 4 potions of haste
 s - 3 potions of resistance
 t - a potion of cancellation
 x - 2 potions of mutation {unknown}
 A - a potion of berserk rage


   Skills:
 + Level 8.9 Fighting
 + Level 10.1 Dodging
 - Level 1.5 Stealth
 * Level 10.1 Spellcasting


You had 3 spell levels left.
You knew the following spells:

 Your Spells              Type           Power      Damage    Failure   Level
a - Foxfire               Conj/Fire      100%       2x1d9     1%          1
b - Scorch                Fire           100%       2d10      1%          2
c - Conjure Flame         Conj/Fire      52%        6-21      1%          3
d - Inner Flame           Hex/Fire       52%        N/A       1%          3
e - Flame Wave            Conj/Fire      52%        2d9       1%          4
f - Shock                 Conj/Air       100%       1d9       1%          1
g - Ensorcelled Hibernat  Hex/Ice        100%       N/A       1%          2
h - Spider Form           Tmut/Pois      52%        N/A       1%          3
i - Passage of Golubria   Tloc           52%        N/A       1%          4
j - Fulminant Prism       Conj/Hex       26%        3d14      1%          4
Your spell library was empty.

Dungeon Overview and Level Annotations

Branches:
Dungeon (10/15)            Temple (1/1) D:7            Lair (0/6) D:9
  Sewer (visited)
    Orc: D:9-12

Altars:
Ashenzari
Cheibriados
Dithmenos
Elyvilon
Fedhas
Gozag
Hepliaklqana
Kikubaaqudgha
Makhleb
Nemelex Xobeh
Okawaru
Qazlal
Ru
Sif Muna
Trog
Uskayaw
Vehumet
Wu Jian
Xom
Yredelemnul
Zin
The Shining One

Shops:
D:1 (   D:3 :   D:6 ?   D:8 ![


Innate Abilities, Weirdness & Mutations

Your life essence is reduced to manifest your ancestor. (-10% HP)
You are immune to sickness and miasma.
You are immune to poison.
Your flesh is very heat resistant. (rF++)
You are vulnerable to cold. (rC-)
You float through the air rather than walking.
You learn spells naturally, not from books.
Your magical power is your life essence.
You have superior vitality. (+4 MHP)


Message History

Confirm with . or Enter, or press ? or * to list all spells.
Aiming: Fulminant Prism (dangerous; 1% risk of failure)
Press: ? - help, Dir - move target You conjure a prism of explosive energy!
A fulminant prism comes into view.
The fire dragon breathes flames at you.
The blast of flame hits your fulminant prism!
Your fulminant prism resists.
Your fulminant prism detonates feebly.
The blast of flame hits you. You resist.
Casting: Fulminant Prism (dangerous; 1% risk of failure)
Confirm with . or Enter, or press ? or * to list all spells.
Aiming: Fulminant Prism (dangerous; 1% risk of failure)
Press: ? - help, Dir - move target You miscast Fulminant Prism.
You are very lightly contaminated with residual magic.
Nothing appears to happen.
Casting: Fulminant Prism (dangerous; 1% risk of failure)
Confirm with . or Enter, or press ? or * to list all spells.
Aiming: Fulminant Prism (dangerous; 1% risk of failure)
Press: ? - help, Dir - move target
Okay, then.
The fire dragon breathes flames at you. The blast of flame hits you!
You resist.
Casting: Fulminant Prism (dangerous; 1% risk of failure)
Confirm with . or Enter, or press ? or * to list all spells.
Aiming: Fulminant Prism (dangerous; 1% risk of failure)
Press: ? - help, Dir - move target You conjure a prism of explosive energy!
A fulminant prism comes into view.
Your fulminant prism crackles loudly.
An ogre zombie comes into view.
The fire dragon breathes flames at you. The blast of flame hits you!
You resist.
* * * LOW HITPOINT WARNING * * *
Your fulminant prism explodes!
The blast of energy engulfs the fire dragon!
The fire dragon is almost dead.
The blast of energy engulfs you!
You die...

#.#.# #######.##.# #.#
###D#.###### #.##.# #.#
#..........# #.##.# #.#
#.#.#.####.# ##.##.# #.#
#####.#.#.# #.###...#.# #.#
......#.#.# #.##......###.#
#.#####.#.# #.#........##.#
#.####....####...........#.#
#...<......D.D..@..<.......#
######>....####.#..........#
##.#..# #......#.....#
.........Z###.###.....#
######.###. ##.......## #.#
#. ##.....## #.# #. ......##
#.# ## ###.#### #.


You could see 2 fire dragons and an ogre zombie (wandering).

Vanquished Creatures
  An ogre mage (D:10)
  A deep elf pyromancer (D:10)
  Pikel (D:9)
  A komodo dragon (D:9)
  2 hornets
  2 trolls (D:9)
  Sigmund (D:3)
  3 yaks (D:7)
  A wyvern (D:9)
  2 steam dragons
  A vampire mosquito (D:7)
  5 water moccasins
  2 ice beasts
  2 sky beasts
  A necrophage (D:6)
  4 ogres
  A black bear (D:9)
  A centaur (D:7)
  A phantom (D:5)
  2 kobold brigands
  Blork the orc (D:4)
  6 scorpions
  6 bullfrogs
  A gnoll sergeant (D:9)
  A water moccasin zombie (D:4)
  2 wyvern zombies
  A water moccasin skeleton (D:6)
  A killer bee (D:7)
  2 wights (D:7)
  4 centaur zombies
  A hound (D:5)
  3 jellies
  5 orc priests
  2 bullfrog zombies
  2 centaur skeletons
  A bullfrog skeleton (D:4)
  A gnoll shaman (D:6)
  4 iguanas
  Natasha (twice) (D:4)
  5 orc wizards
  A scorpion zombie (D:4)
  3 killer bee zombies
  5 hound zombies (D:4)
  3 hound skeletons
  4 howler monkey zombies
  8 gnolls (D:6)
  6 adders
  2 howler monkey skeletons
  9 river rats (Sewer)
  3 adder skeletons (D:4)
  3 adder zombies (D:4)
  A worm (D:2)
  4 dart slugs
  21 orcs
  7 endoplasms
  6 giant cockroaches
  9 goblins
  9 hobgoblins
  4 jackals
  26 kobolds
  10 quokkas
  11 ball pythons
  3 bats
  2 frilled lizards (D:2)
  A goblin skeleton (D:10)
  A hobgoblin skeleton (D:10)
  A jackal zombie (D:4)
  2 orc skeletons (D:10)
  4 orc zombies (D:10)
  A quokka zombie (D:4)
  19 rats
  A butterfly (D:7)
276 creatures vanquished.

Vanquished Creatures (collateral kills)
  A centaur zombie (D:10)
  2 freezing wraiths (D:10)
  A meliai (D:10)
  A hornet (D:9)
  A wyvern (D:10)
  A yak (D:7)
  A black bear (D:9)
  A phantom (D:10)
  A troll zombie (D:10)
  A wight (D:7)
  A jelly (D:7)
  2 ancestors (D:9)
  2 ogre zombies (D:10)
  2 river rats (Sewer)
  4 orcs
  A giant cockroach (D:7)
  A ball python (Sewer)
  A goblin zombie (D:10)
  3 hobgoblin skeletons (D:10)
  A kobold (D:8)
  An orc skeleton (D:10)
  5 orc zombies (D:10)
  5 rats (Sewer)
  3 butterflies (D:7)
  3 foxfires (D:9)
46 creatures vanquished.

Vanquished Creatures (others)
  A wizard (D:5)
  A scorpion (D:7)
  A killer bee (D:7)
  An orc priest (D:7)
  2 ancestors (D:9)
  3 battlemagi (D:10)
  A river rat (Sewer)
  2 orcs (D:5)
  A kobold (D:8)
  548 foxfires
  12 fulminant prisms (D:10)
  68 fungi (D:9)
  44 plants (D:9)
  6 withered plants (D:4)
691 creatures vanquished.

Grand Total: 1013 creatures vanquished

Notes
Turn   | Place    | Note
-------+----------+-------------------------------------------
     0 | D:1      | siradein the Djinni Fire Elementalist began the quest for
                  | the Orb.
     0 | D:1      | Reached XP level 1. HP: 15/15 MP: 0/0
   105 | D:1      | You are sucked into a shaft and drop 1 floor!
   284 | D:2      | Reached XP level 2. HP: 20/22 MP: 0/0
   415 | D:2      | Noticed an ogre
   674 | D:1      | Reached XP level 3. HP: 24/26 MP: 0/0
   674 | D:1      | Learned a level 1 spell: Shock
   712 | D:1      | Reached skill level 1 in Fighting
   736 | D:1      | Found Buhiwir's Antique Weapon Shop.
  1336 | D:1      | Found a faded altar of an unknown god.
  1539 | D:1      | Reached XP level 4. HP: 31/32 MP: 0/0
  1669 | D:2      | Killed an ogre
  1670 | D:2      | Reached XP level 5. HP: 15/38 MP: 0/0
  1670 | D:2      | Learned a level 2 spell: Ensorcelled Hibernation
  2289 | D:2      | Reached XP level 6. HP: 20/45 MP: 0/0
  2833 | D:3      | Noticed Sigmund
  2839 | D:3      | Killed Sigmund
  2996 | D:3      | Reached XP level 7. HP: 43/50 MP: 0/0
  2996 | D:3      | Learned a level 3 spell: Spider Form
  3037 | D:3      | Found a blossoming altar of Fedhas.
  3397 | D:3      | Found a glowing silver altar of Zin.
  3631 | D:3      | Found Xostuongogi's Book Shop.
  4478 | D:4      | Reached skill level 5 in Spellcasting
  4495 | D:4      | Reached XP level 8. HP: 39/58 MP: 0/0
  4607 | D:4      | Reached skill level 5 in Dodging
  5241 | D:4      | Noticed Blork the orc
  5246 | D:4      | Killed Blork the orc
  5395 | D:4      | Found an iron altar of Okawaru.
  5564 | D:4      | Noticed Natasha
  5566 | D:4      | Killed Natasha
  5783 | D:4      | Noticed Natasha
  5786 | D:4      | Killed Natasha
  5910 | D:5      | Entered Level 5 of the Dungeon
  6196 | D:5      | Found a glowing drain.
  6208 | Sewer    | Entered a sewer
  6636 | Sewer    | Reached XP level 9. HP: 57/64 MP: 0/0
  6636 | Sewer    | Learned a level 4 spell: Passage of Golubria
  6757 | Sewer    | Reached skill level 5 in Fighting
  8180 | D:5      | Found a bloodstained altar of Trog.
  8181 | D:5      | Noticed a wizard
  8186 | D:5      | Killed a wizard
  8437 | D:6      | Found Rimazemi's Magic Scroll Boutique.
  8440 | D:6      | Bought a scroll of identify for 24 gold pieces
  8440 | D:6      | Bought a scroll of identify for 24 gold pieces
  9974 | D:7      | Reached XP level 10. HP: 69/73 MP: 0/0
 10317 | D:7      | Found a staircase to the Ecumenical Temple.
 10348 | Temple   | Entered the Ecumenical Temple
 10648 | D:7      | Found a hazy altar of Hepliaklqana.
 10896 | D:7      | Found a runed translucent door.
 10898 | D:7      | Found a runed translucent door.
 10953 | D:7      | Became a worshipper of Hepliaklqana the Forgotten
 11486 | D:8      | Found Gurr's Distillery.
 11509 | D:8      | Bought a potion of lignification for 36 gold pieces
 11509 | D:8      | Bought a potion of flight for 36 gold pieces
 11509 | D:8      | Bought a potion of degeneration for 12 gold pieces
 11509 | D:8      | Bought a potion of berserk rage for 60 gold pieces
 12049 | D:8      | Found Wein's Armour Emporium.
 12195 | D:8      | Reached * piety under Hepliaklqana
 12432 | D:9      | Found a snail-covered altar of Cheibriados.
 12442 | D:9      | Found a shadowy altar of Dithmenos.
 12618 | D:9      | Reached XP level 11. HP: 72/72 MP: 0/0
 12618 | D:9      | Learned a level 4 spell: Fulminant Prism
 12743 | D:9      | Noticed Pikel
 12760 | D:9      | Killed Pikel
 12974 | D:9      | Found a staircase to the Lair.
 13075 | D:9      | Reached ** piety under Hepliaklqana
 13076 | D:9      | Remembered your ancestor Eetadik as a battlemage
 13102 | D:9      | Found an opulent altar of Gozag.
 13515 | D:10     | Entered Level 10 of the Dungeon
 13545 | D:10     | Noticed a deep elf pyromancer
 13550 | D:10     | Killed a deep elf pyromancer
 13609 | D:10     | Noticed a fire dragon
 13610 | D:10     | Noticed an ogre mage
 13612 | D:10     | Noticed a manticore
 13803 | D:10     | Killed an ogre mage
 13804 | D:10     | Noticed a fire dragon
 13815 | D:10     | Reached skill level 10 in Spellcasting
 13824 | D:10     | Reached skill level 10 in Dodging
 13988 | D:10     | Killed by an exploding fulminant prism

Illustrated notes

Levels and vault maps discovered:
D:1:      dpeg_arrival_snail, layout_loops_ring,
          hellmonk_ecumenical_altar_run_dry, serial_shops, shop,
          chequers_serial_rivers_room_a
D:2:      cheibrodos_pilgrimage, layout_basic, minmay_liquid_box
D:3:      layout_rooms, zin_scriptorium, fedhas_altar_fruit_tree, serial_shops,
          nicolae_shop_stone, serial_bayou_pond_d, minmay_misc_feat_diagonals,
          uniq_sigmund
D:4:      layout_layer_cave, okawaru_gym_becter, serial_undead, serial_undead_e,
          serial_undead_b, serial_undead_d, serial_undead_f, serial_undead_c,
          serial_undead_f, serial_undead_a, serial_undead_c, uniq_natasha,
          uniq_blork_the_orc
D:5:      layout_loops_ring, trog_wizard, portal_sewer_entry_f, nrook_campfire
D:6:      layout_layer_cave, serial_shops, nicolae_stop_n_shop_1
D:7:      lemuel_insect_pit, layout_cave_pools,
          nicolae_hepliaklqana_hazy_memory, minmay_temple_entry_butterflies,
          minmay_starry_boxes
D:8:      layout_loops_corners, serial_shops, shop, nicolae_shop_crystal
D:9:      layout_basic, mainiacjoe_overflow_cross_hatched,
          nicolae_gozag_seed_capital, mainiacjoe_overflow_catch_the_wave,
          due_lair_maze_entry_diamond, uniq_pikel
D:10:     minmay_the_grid_triangle_9x9_rhombus_thin
          [minmay_the_grid_triangle_9x9_odd_lines,
          minmay_the_grid_triangle_9x9_prize_top_heavy,
          minmay_the_grid_triangle_9x9_flanged_cone,
          minmay_the_grid_triangle_9x9_limited_checkers], layout_loops_ring,
          zombieorc2_lemuel
Temple:   cyrus_circular_temple

Skill      XL: |  1  2  3  4  5  6  7  8  9 10 11 |
---------------+----------------------------------+-----
Fighting       | 1 2 3 4 6 7 8 |  8.9
Spellcasting   | 3 4 5 6 7 9 10 | 10.1
Dodging        | 3 4 6 7 8 10 | 10.1
Stealth        | |  1.5

Action                   |  1- 3 |  4- 6 |  7- 9 | 10-12 || total
-------------------------+-------+-------+-------+-------++-------
Melee: Staff             |       |       |       |     1 ||     1
 Cast: Foxfire           |    56 |    34 |   165 |    65 ||   320
       Inner Flame       |       |     9 |   123 |    69 ||   201
       Scorch            |       |     2 |     1 |     6 ||     9
       Conjure Flame     |       |       |     1 |       ||     1
       Passage of Golubr |       |       |     1 |       ||     1
       Shock             |       |       |       |    33 ||    33
       Fulminant Prism   |       |       |       |    12 ||    12
Invok: Ancestor Identity |       |       |       |     1 ||     1
       Recall Ancestor   |       |       |       |     1 ||     1
       Ancestor Life: Ba |       |       |       |     1 ||     1
  Use: Scroll            |       |       |    17 |     6 ||    23
Armor: Robe              |     2 |     4 |     7 |     2 ||    15
       Troll leather arm |       |       |       |     1 ||     1
Dodge: Dodged            |    19 |    11 |    41 |    45 ||   116

Table legend: (Time is in decaauts)
 A = Elapsed time spent in this place.
 B = Non-inter-level travel time spent in this place.
 C = Inter-level travel time spent in this place.
 D = Time resting spent in this place.
 E = Time spent auto-exploring this place.
 F = Levels seen in this place.
 G = Mean time per level.
                   A        B        C        D        E       F      G
               +--------+--------+--------+--------+--------+-----+--------+
         Total |  13990 |  13725 |    265 |    779 |  10691 |  12 | 1165.8 |
       Dungeon |  12866 |  12601 |    265 |    562 |  10012 |  10 | 1286.6 |
        Temple |    120 |    120 |      0 |      0 |     90 |   1 |  120.0 |
         Sewer |   1003 |   1003 |      0 |    217 |    589 |   1 | 1003.0 |
               +--------+--------+--------+--------+--------+-----+--------+

Top non-repeatable levels by time:
     D:4: 2212 daAuts
     D:6: 1740 daAuts
     D:2: 1565 daAuts
     D:5: 1349 daAuts
     D:1: 1268 daAuts
     D:9: 1169 daAuts
     D:7: 1081 daAuts
     D:3: 1039 daAuts
     D:8: 1019 daAuts
   Sewer: 1003 daAuts
    D:10: 420 daAuts
  Temple: 120 daAuts
